 Dungeon Crawl Stone Soup version 0.31.0-11-ge490571c62 (webtiles) character file.

Game seed: 12000287129369698128

65 qw the Shooter (level 3, 0/18 HPs)
             Began as a Spriggan Hunter on Feb 5, 2024.
             Slain by a hobgoblin (1 damage)
             ... on level 2 of the Dungeon.
             The game lasted 00:00:33 (1267 turns).

qw the Shooter (Spriggan Hunter)                    Turns: 1267, Time: 00:00:34

Health: 0/18       AC:  2    Str:  7    XL:     3   Next: 94%
Magic:  4/4        EV: 19    Int: 10    God:
Gold:   74         SH:  0    Dex: 20    Spells: 2/2 levels left

rFire   . . .        a - +0 shortbow
rCold   . . .        (shield currently unavailable)
rNeg    . . .        c - +0 robe
rPois   .            (helmet restricted)
rElec   .            (no cloak)
rCorr   .            (gloves unavailable)
SInv    +            (boots unavailable)
Will    .....        (no amulet)
Stlth   ++           (no ring)
HPRegen 0.23/turn    (no ring)
MPRegen 0.09/turn

%: no passive effects
@: very quick
A: very small, no large weapons, unfitting armour, see invisible, speed 3
a: no special abilities


You were on level 2 of the Dungeon.
You visited 1 branch of the dungeon, and saw 2 of its levels.

You collected 74 gold pieces.


Innate Abilities, Weirdness & Mutations

You are very small and have problems with some larger weapons.
You are too small for most types of armour.
You have supernaturally acute eyesight. (SInv)
You cover ground extremely quickly. (Speed+++)


   Skills:
 - Level 1.5 Fighting
 - Level 5.0 Ranged Weapons
 + Level 4.1 Dodging
 - Level 1.5 Stealth


You had 2 spell levels left.
You didn't know any spells.
Your spell library was empty.

Inventory:

Hand Weapons
 a - a +0 shortbow (weapon)
Armour
 c - a +0 robe (worn)
Jewellery
 b - a ring of fire
Potions
 g - a potion of heal wounds {unknown}
 j - a potion of might {unknown}
 k - a potion of mutation {unknown}

Dungeon Overview and Level Annotations

Branches:
Dungeon (2/15)

Altars:
Hepliaklqana


Message History

You shoot an arrow. The arrow hits the ball python!
You kill the ball python!
The adder closely misses you. The hobgoblin closely misses you.
You shoot an arrow. The arrow hits the adder!
The adder is severely wounded.
The adder bites you.
You are poisoned.
The adder poisons you! The hobgoblin misses you. The adder barely misses you.
You shoot an arrow. The arrow misses the adder.
You feel sick. The hobgoblin misses you. The adder completely misses you.
The ribbon worm completely misses you.
You shoot an arrow. The arrow hits the adder.
You kill the adder!
You feel sick. The hobgoblin completely misses you. The ribbon worm misses you.
The hobgoblin barely misses you.
Your Ranged Weapons skill increases to level 5!
You shoot an arrow. The arrow hits the ribbon worm!
The ribbon worm is severely wounded.
You feel sick. The ribbon worm closely misses you. The hobgoblin hits you.
You shoot an arrow.
The arrow barely misses the ribbon worm.
You feel sick. The ribbon worm closely misses you.
The hobgoblin barely misses you.
You shoot an arrow. The arrow hits the ribbon worm.
The ribbon worm is severely wounded.
You feel sick. The hobgoblin misses you.
The ribbon worm expels a string of sticky webbing.
The stream of webbing misses you.
You shoot an arrow. The arrow hits the ribbon worm.
The ribbon worm is severely wounded.
You feel sick.
You are no longer poisoned.
The hobgoblin completely misses you. The ribbon worm misses you.
You shoot an arrow. The arrow hits the ribbon worm!
You kill the ribbon worm!
The hobgoblin misses you.
You shoot an arrow. The arrow hits the rat.
The rat is moderately wounded.
The rat bites you. The hobgoblin hits you.
You die...

... #..#... .. #.#
#....(# .####.#
#.##.## ...##.#
#.##.## ## ..##.#
#...... .. ..##.#
###.... #.###.##.####
##.#. #..g.##....#
###. #r@#.###.# ##.
#.$#....##.########..
#..
#................. #.
#..........########
.. ......##...## #.
#.###.##.....# . #..
...##.....# ...
##.##.....# ##
#.###...##


You could see a hobgoblin and a rat.

Vanquished Creatures
  2 adders (D:2)
  3 ribbon worms (D:2)
  A dart slug (D:1)
  3 ball pythons (D:2)
  8 bats
  4 endoplasms (D:1)
  2 giant cockroaches
  A goblin (D:1)
  2 hobgoblins
  6 kobolds
  A quokka (D:1)
  4 frilled lizards
  3 rats
40 creatures vanquished.

Vanquished Creatures (others)
  A kobold (D:1)
1 creature vanquished.

Grand Total: 41 creatures vanquished

Notes
Turn   | Place    | Note
-------+----------+-------------------------------------------
     0 | D:1      | qw the Spriggan Hunter began the quest for the Orb.
     0 | D:1      | Reached XP level 1. HP: 10/10 MP: 2/2
     0 | D:1      | 0 ||| qw: Version: 0.3-a-160-g6735b56
     0 | D:1      | 0 ||| qw: Game counter: 6548
     0 | D:1      | 0 ||| qw: Melee chars always use a shield: true
     0 | D:1      | 0 ||| qw: God list: Okawaru
     0 | D:1      | 0 ||| qw: Allow faded altars: false
     0 | D:1      | 0 ||| qw: Do Orc after clearing Dungeon:15 true
     0 | D:1      | 0 ||| qw: Do second Lair branch before Depths: true
     0 | D:1      | 0 ||| qw: Lair rune preference: random
     0 | D:1      | 0 ||| qw: Goals: Normal
     0 | D:1      | 0 ||| PLANNING D:1-11
    31 | D:1      | Reached skill level 3 in Dodging
    99 | D:1      | Reached XP level 2. HP: 9/14 MP: 3/3
   653 | D:1      | 653 ||| READING 3 scrolls labelled ANIRPH SODAMOSI.
   654 | D:1      | 654 ||| READING scroll labelled EMOAKE VITAULL.
   755 | D:1      | 755 ||| READING 2 scrolls labelled NEIN KATOH.
   756 | D:1      | 756 ||| READING scroll labelled QIW PUADWU.
   780 | D:1      | 780 ||| READING scroll labelled LYZUIDDETI.
   784 | D:1      | 784 ||| READING scroll labelled GIUSI ECAPTERIQE.
   785 | D:1      | 785 ||| DRINKING 2 glowing clear potions.
   821 | D:1      | 821 ||| DROPPING scroll of butterflies.
   822 | D:1      | 822 ||| DROPPING 2 scrolls of noise.
   823 | D:1      | 823 ||| DROPPING scroll of amnesia.
   824 | D:1      | 824 ||| DROPPING potion of lignification.
   893 | D:2      | Reached XP level 3. HP: 9/18 MP: 4/4
  1160 | D:2      | Found a hazy altar of Hepliaklqana.
  1262 | D:2      | Reached skill level 5 in Ranged Weapons
  1263 | D:2      | HP: 4/18 [poisoned by an adder]
  1267 | D:2      | HP: 1/18 [rat (2)]
  1267 | D:2      | Slain by a hobgoblin

Levels and vault maps discovered:
D:1:      lightli_iron_boxes, layout_basic
D:2:      minmay_chambers_of_ones, layout_loops_corners, basic_altar,
          kennysheep_pointless_box, minmay_pentomino_pile

Skill      XL: |  1  2  3 |
---------------+----------+-----
Dodging        | 3 4 |  4.1
Ranged Weapons | 5 |  5.0
Fighting       | |  1.5
Stealth        | |  1.5

Action                     || total
---------------------------++-------
   Fire: Shortbow          ||   133
    Use: Scroll            ||     6
         Potion            ||     1
 Armour: Robe              ||    23
  Dodge: Dodged            ||    84

Table legend:
 A = Non-vault XP
 B = Vault XP
 C = Vault XP percentage of total XP
 D = Non-vault monster count
 E = Vault monster count
 F = Vault count percentage of total count
                 A         B        C        D         E       F
            +---------+---------+-------+---------+---------+-------
      Total |      59 |      35 |  37.2 |      34 |       6 |  15.0
            +---------+---------+-------+---------+---------+-------
        D:1 |      35 |       0 |   0.0 |      21 |       0 |   0.0
        D:2 |      24 |      35 |  59.3 |      13 |       6 |  31.6
            +---------+---------+-------+---------+---------+-------
